 Dungeon Crawl Stone Soup version 0.23-a0-558-g30802b1 (webtiles) character file.

7331 zishaf the Spear-Bearer (level 11, -1/97 HPs)
             Began as a Merfolk Monk on Dec 12, 2018.
             Was a Believer of Fedhas.
             Slain by Snorg (17 damage)
             ... on level 10 of the Dungeon.
             The game lasted 00:42:39 (13555 turns).

zishaf the Spear-Bearer (Merfolk Monk)             Turns: 13555, Time: 00:42:40

Health: -1/97      AC: 17    Str: 19    XL:     11   Next: 13%
Magic:  11/11      EV: 12    Int: 14    God:    Fedhas [**....]
Gold:   559        SH: 12    Dex: 26    Spells: 10/10 levels left

rFire    x . .     SeeInvis .   G - +1 spear "Daygum" {freeze, MR- Str+4 Dex+3} (curse)
rCold    + . .     Gourm    .   x - +0 shield
rNeg     . . .     Faith    .   e - +1 plate armour
rPois    +         Spirit   .   g - +0 helmet
rElec    .         Reflect  .   w - +0 cloak
rCorr    .         Harm     .   (no gloves)
MR       .....                  z - +1 pair of boots
Stlth    ..........             Q - amulet of rage
HPRegen  0.26/turn              d - +5 ring of dexterity
MPRegen  0.12/turn              C - ring "Poceq" {rPois rF- MR+ Str+4 Int+2}

@: no status effects
A: change form in water, swift swim, stealthy swim, cold resistance 1, robust 1,
wild magic 1
a: Fungal Bloom, Sunlight, Evolution, Renounce Religion, Evoke Berserk Rage


You were on level 10 of the Dungeon.
You worshipped Fedhas.
Fedhas was pleased with you.
You were not hungry.

You visited 1 branch of the dungeon, and saw 11 of its levels.
You also visited: Sewer.

You collected 559 gold pieces.

Inventory:

Hand Weapons
 b - a +1 hunting sling of freezing
 G - the cursed +1 spear "Daygum" (weapon) {freeze, MR- Str+4 Dex+3}
   (You found it on level 9 of the Dungeon)

   It has been specially enchanted to freeze those struck by it, causing extra
   injury to most foes and up to half again as much damage against particularly
   susceptible opponents.
   It can also slow down cold-blooded creatures.
   It affects your strength (+4).
   It affects your dexterity (+3).
   It affects your resistance to hostile enchantments.
   It has a curse placed upon it.
 H - the +10 longbow "Ypoxkihe" {freeze, rPois, unknown}
   (You found it on level 7 of the Dungeon)

   It causes projectiles fired from it to freeze those they strike, causing
   extra injury to most foes and up to half again as much damage against
   particularly susceptible opponents.
   They can also slow down cold-blooded creatures.
   It protects you from poison.
Missiles
 s - 257 stones (quivered)
Armour
 e - a +1 plate armour (worn)
 g - a +0 helmet (worn)
 q - a cursed +0 ring mail
 w - a +0 cloak (worn)
 x - a +0 shield (worn)
 z - a +1 pair of boots (worn)
 J - +0 steam dragon scales
Jewellery
 a - an uncursed amulet of faith {unknown}
 d - a +5 ring of dexterity (left hand)
 C - the ring "Poceq" (right hand) {rPois rF- MR+ Str+4 Int+2}
   (You acquired it on level 6 of the Dungeon)

   [ring of protection from magic]

   It affects your strength (+4).
   It affects your intelligence (+2).
   It makes you vulnerable to fire.
   It protects you from poison.
   It affects your resistance to hostile enchantments.
 L - a +4 ring of strength
 Q - an amulet of rage (around neck)
Wands
 h - a wand of clouds (5)
 j - a wand of polymorph (21)
 y - a wand of enslavement (2)
 A - a wand of flame (11)
 M - a wand of paralysis (10)
Scrolls
 i - a scroll of immolation
 k - 2 scrolls of amnesia
 m - 5 scrolls of teleportation
 n - a scroll of fear
 u - 2 scrolls of enchant armour
 I - a scroll of holy word
 K - 2 scrolls of silence
 P - a scroll of enchant weapon
 R - 4 scrolls of remove curse
Potions
 f - 5 potions of curing
 l - a potion of degeneration
 o - 2 potions of brilliance
 p - 2 potions of haste
 r - a potion of lignification
 v - 2 potions of might
 B - a potion of resistance
 D - 2 potions of ambrosia
 E - a potion of heal wounds
 N - a potion of mutation
 O - 2 potions of berserk rage
Comestibles
 c - 19 rations


   Skills:
 + Level 9.5 Fighting
 - Level 12.0 Polearms
 - Level 4.0 Armour
 + Level 11.2 Dodging
 - Level 4.0 Stealth
 + Level 6.8 Shields


You had 10 spell levels left.
You didn't know any spells.
Your spell library contained the following spells:

 Spells                   Type           Power        Failure   Level  Hunger
 Animate Skeleton         Necr           N/A          100%        1    ##.....
 Corona                   Hex            #......      100%        1    ##.....
 Pain                     Necr           #...         100%        1    ##.....
 Slow                     Hex            #.......     100%        2    ###....
 Inner Flame              Hex/Fire       #.......     100%        3    ####...
 Portal Projectile        Hex/Tloc       #.....       100%        3    ####...
 Regeneration             Chrm/Necr      #.........   100%        3    ####...
 Vampiric Draining        Necr           #.........   100%        3    ####...
 Animate Dead             Necr           N/A          100%        4    #####..
 Cause Fear               Hex            #.........   100%        4    #####..
 Leda's Liquefaction      Hex/Erth       #.........   100%        4    #####..


Dungeon Overview and Level Annotations

Branches:
Dungeon (11/15)            Temple (0/1) D:6             Orc (0/2) D:10
   Lair: D:8-11

Altars:
Elyvilon
Fedhas
Hepliaklqana
Kikubaaqudgha
Nemelex Xobeh
Okawaru
Ru
Trog
Vehumet
Wu Jian

Shops:
D:4 (

Annotations:
D:10 Snorg


Innate Abilities, Weirdness & Mutations

You revert to your normal form in water.
You are very nimble and swift while swimming.
You are very stealthy in the water. (Stealth+)
Your flesh is cold resistant. (rC+)
You are robust. (+10% HP)
Your spells are a little harder to cast, but a little more powerful.


Message History

You closely miss Snorg.
Snorg is severely wounded.
You puncture Snorg! You freeze Snorg.
Snorg is almost dead.
Snorg goes berserk!
You puncture Snorg! You freeze Snorg.
Snorg is almost dead.
You hit Snorg. You freeze Snorg.
Snorg is almost dead.
You block Snorg's attack. Snorg closely misses you. You block Snorg's attack.
You hit Snorg. You freeze Snorg.
Snorg is almost dead.
You block Snorg's attack. Snorg claws you.
* * * LOW HITPOINT WARNING * * *
You block Snorg's attack.
You closely miss Snorg.
Snorg is almost dead.
Snorg bites you!
You die...
Fedhas appreciates your contribution to the ecosystem.

#....# #..## #.....
####.# ##..#### ####..
#.# ##....# ##. #|#
####.#########)
#########'##
#.......((..().
#..........#
#...[..(#######
#..........# #.....(.#
#..........######.......#
#..........'.T@.#.......#
#..........####.........#
#..........# ###...>...#
#######'#### #.......#
#.# #.......# #########.#
######### ..........#
.####.....# f##.##....#


You could see Snorg (berserk).

Vanquished Creatures
  Pikel (D:3)
  A wizard (D:11)
  A queen bee (D:10)
  A hippogriff (D:9)
  A wyvern (D:11)
  5 yaks (D:9)
  A steam dragon (D:7)
  Edmund (D:3)
  A sky beast (D:10)
  An ice beast (D:8)
  Purgy (Sewer)
  3 phantoms
  A centaur (D:7)
  2 bullfrogs
  Blork the orc (D:5)
  A wyvern zombie (D:11)
  2 wights (D:9)
  14 killer bees (D:10)
  3 howler monkeys (D:8)
  2 jellies
  2 quasits
  A bullfrog skeleton (D:4)
  2 hounds
  A centaur skeleton (D:6)
  6 orc priests
  5 orc wizards
  Jessica (D:3)
  A gnoll shaman (D:3)
  6 worker ants
  Natasha (D:3)
  A hound zombie (D:5)
  A howler monkey zombie (D:8)
  4 gnolls
  9 adders
  An adder skeleton (D:5)
  3 worms
  3 dart slugs
  3 leopard geckos
  21 orcs
  6 giant cockroaches
  6 goblins
  5 hobgoblins
  8 jackals
  3 quokkas
  2 ball pythons
  18 bats
  6 frilled lizards
  11 kobolds
  2 leopard gecko skeletons
  2 quokka zombies
  5 rats
190 creatures vanquished.

Vanquished Creatures (collateral kills)
  Sonja (D:10)
  Grinder (D:4)
  Sigmund (D:3)
  2 yaks (D:9)
  A water moccasin (D:8)
  Duvessa (D:6)
  2 black bears
  6 ice beasts
  A slave (D:3)
  5 orc warriors
  2 ogres
  A centaur (D:8)
  A big kobold (D:10)
  3 bullfrogs
  2 gnoll sergeants
  Dowan (D:6)
  A scorpion (D:9)
  3 killer bees (D:10)
  3 wights (D:9)
  3 howler monkeys
  3 crimson imps
  6 hounds
  5 orc priests
  Crazy Yiuf (D:3)
  A bullfrog skeleton (D:10)
  5 orc wizards
  Ijyb (D:4)
  3 iguanas
  Natasha (twice) (D:3)
  3 worker ants
  A hound skeleton (D:4)
  15 gnolls
  3 adders
  A shadow imp (D:6)
  17 orcs
  4 kobolds
  2 quokkas
  A frilled lizard (D:3)
115 creatures vanquished.

Vanquished Creatures (others)
  A slave (D:4)
  27 wandering mushrooms
  An orc wizard (D:4)
  An orc priest (D:4)
  A worker ant (D:4)
  2 orcs (D:4)
  A frilled lizard (D:4)
  138 toadstools
172 creatures vanquished.

Grand Total: 477 creatures vanquished

Notes
Turn   | Place    | Note
-------+----------+-------------------------------------------
     0 | D:1      | zishaf the Merfolk Monk began the quest for the Orb.
     0 | D:1      | Reached XP level 1. HP: 18/18 MP: 1/1
    91 | D:1      | Reached XP level 2. HP: 24/24 MP: 2/2
   608 | D:1      | Reached XP level 3. HP: 28/29 MP: 3/3
   801 | D:2      | Found a radiant altar of Vehumet.
  1118 | D:2      | Reached skill level 1 in Armour
  1244 | D:2      | Reached XP level 4. HP: 36/37 MP: 4/4
  1261 | D:2      | Found an ancient bone altar of Kikubaaqudgha.
  1653 | D:3      | Reached skill level 5 in Polearms
  1744 | D:3      | Found a blossoming altar of Fedhas.
  1759 | D:3      | Became a worshipper of Fedhas Madash
  1759 | D:3      | Reached * piety under Fedhas
  1759 | D:3      | Reached ** piety under Fedhas
  1769 | D:3      | Found a glowing drain.
  1776 | D:3      | Noticed Jessica
  1782 | D:3      | Killed Jessica
  1782 | D:3      | Reached XP level 5. HP: 30/42 MP: 5/5
  1906 | Sewer    | Entered a sewer
  1954 | Sewer    | Noticed Purgy
  1972 | Sewer    | Killed Purgy
  1972 | Sewer    | Reached skill level 5 in Dodging
  2202 | D:3      | Reached XP level 6. HP: 34/48 MP: 6/6
  2392 | D:3      | Noticed Natasha
  2401 | D:3      | Killed Natasha
  2598 | D:3      | Noticed Natasha
  2618 | D:3      | Killed Natasha
  2835 | D:3      | Found a runed door.
  2835 | D:3      | Noticed Sigmund
  2847 | D:3      | Killed Sigmund
  2872 | D:3      | Noticed Natasha
  2889 | D:3      | Killed Natasha
  3016 | D:3      | Reached skill level 6 in Polearms
  3219 | D:3      | Noticed Crazy Yiuf
  3256 | D:3      | Killed Crazy Yiuf
  3658 | D:4      | Noticed Edmund
  3658 | D:4      | Noticed Pikel
  3658 | D:4      | Noticed a slave
  3658 | D:4      | Noticed a slave
  3658 | D:4      | Noticed a slave
  3658 | D:4      | Noticed a slave
  3658 | D:4      | Noticed a phantom
  3664 | D:3      | Killed a slave
  3732 | D:3      | Killed Pikel
  3732 | D:3      | Reached skill level 5 in Fighting
  3732 | D:3      | Reached XP level 7. HP: 13/56 MP: 7/7
  3984 | D:3      | Gained mutation: Your spells are a little harder to cast,
                  | but a little more powerful. [potion of mutation]
  3984 | D:3      | Gained mutation: Your flesh is cold resistant. (rC+)
                  | [potion of mutation]
  3984 | D:3      | Gained mutation: You are robust. (+10% HP) [potion of
                  | mutation]
  4068 | D:3      | Killed Edmund
  4068 | D:3      | Reached skill level 7 in Polearms
  4068 | D:3      | Reached XP level 8. HP: 42/68 MP: 8/8
  4619 | D:4      | Found a bloodstained altar of Trog.
  4677 | D:4      | Noticed Grinder
  4692 | D:4      | Paralysed by Grinder for 7 turns
  4703 | D:4      | Killed Grinder
  4711 | D:4      | Found Muqezxon's Weapon Emporium.
  4821 | D:4      | Noticed Ijyb
  4834 | D:4      | Reached skill level 1 in Shields
  4843 | D:4      | Killed Ijyb
  4848 | D:4      | Reached skill level 8 in Polearms
  5146 | D:5      | Entered Level 5 of the Dungeon
  5637 | D:5      | Found an iron altar of Okawaru.
  5726 | D:5      | Found a hazy altar of Hepliaklqana.
  5985 | D:5      | Noticed Blork the orc
  5994 | D:5      | Killed Blork the orc
  6013 | D:5      | Found an ornate altar of the Wu Jian Council.
  6454 | D:6      | Reached XP level 9. HP: 24/78 MP: 9/9
  6806 | D:6      | Found a staircase to the Ecumenical Temple.
  6868 | D:6      | Found a sacrificial altar of Ru.
  7031 | D:6      | Noticed Duvessa
  7032 | D:6      | Noticed Dowan
  7055 | D:6      | Killed Duvessa
  7070 | D:6      | Killed Dowan
  7258 | D:6      | Reached skill level 9 in Polearms
  7604 | D:6      | Identified a scroll of acquirement
  7606 | D:6      | Got a sparkling ivory ring
  7607 | D:6      | Identified the ring "Poceq" {rPois rF- MR+ Str+4 Int+2}
                  | (You acquired it on level 6 of the Dungeon)
  7720 | D:7      | Got an encrusted longbow
  7758 | D:7      | Found a white marble altar of Elyvilon.
  9001 | D:8      | Reached skill level 10 in Polearms
  9403 | D:9      | Got an ancient spear
  9408 | D:9      | Identified the cursed +1 spear "Daygum" {freeze, MR- Str+4
                  | Dex+3} (You found it on level 9 of the Dungeon)
  9459 | D:9      | Reached XP level 10. HP: 88/88 MP: 10/10
  9597 | D:9      | Reached skill level 5 in Shields
  9609 | D:9      | Found a sparkling altar of Nemelex Xobeh.
  9713 | D:9      | Reached skill level 10 in Dodging
  9942 | D:9      | Reached skill level 11 in Polearms
 10344 | D:10     | Entered Level 10 of the Dungeon
 11309 | D:10     | Found a staircase to the Orcish Mines.
 11773 | D:10     | Noticed Sonja
 12361 | D:10     | Found a staircase to the Orcish Mines.
 12389 | D:10     | Killed Sonja
 12389 | D:10     | Reached XP level 11. HP: 25/97 MP: 11/11
 12814 | D:11     | Noticed a wizard
 12877 | D:11     | Killed a wizard
 12877 | D:11     | Reached skill level 12 in Polearms
 13497 | D:11     | Noticed Snorg
 13555 | D:10     | Slain by Snorg

Vault maps used:
D:1:      scummos_arrival_simple_fountains
D:2:      kiku_gazebo_pond_becter, lemuel_crystal_altar, first_ration
D:3:      minmay_inner_zag, old_standard_altar, cheibrodos_sewer_entry_drain,
          uniq_jessica, uniq_natasha, uniq_crazy_yiuf_cottage, uniq_sigmund
D:4:      lemuel_round_altar, serial_shops, kennysheep_mini_moat, st_stairs_11,
          hangedman_decor_opposing, uniq_edmund, uniq_pikel, uniq_ijyb,
          uniq_grinder
D:5:      okawaru_ov_weapons_minmay, lemuel_crystal_altar, lemuel_doored_altar,
          uniq_blork_the_orc
D:6:      minmay_temple_entry_hall, basic_altar, uniq_duvessa
D:7:      elyvilon_altar_4
D:9:      overflow_temple_1_default
D:10:     david_orc_2, david_nohive_1, uniq_sonja
D:11:     erik_lair_orcish_takeover, laboratory, uniq_snorg
Sewer:    sewer_big_baddie

Skill      XL: |  1  2  3  4  5  6  7  8  9 10 11 |
---------------+----------------------------------+-----
Armour         | 1 2 3 4 |  4.0
Polearms       | 5 6 7 8 10 11 12 | 12.0
Stealth        | 3 4 |  4.0
Fighting       | 4 5 6 7 9 |  9.5
Dodging        | 5 6 7 9 10 11 | 11.2
Shields        | 2 4 6 |  6.8

Action                   |  1- 3 |  4- 6 |  7- 9 | 10-12 || total
-------------------------+-------+-------+-------+-------++-------
Melee: Spear             |   234 |   306 |   568 |   446 ||  1554
       Tailslap          |       |     5 |       |       ||     5
       Unarmed           |       |       |       |    25 ||    25
Invok: Fungal Bloom      |       |     6 |    33 |    19 ||    58
       Evolution         |       |     2 |    13 |    12 ||    27
  Use: Scroll            |       |     7 |     9 |     2 ||    18
       Potion            |       |     1 |     3 |       ||     4
 Stab: Confused          |       |     1 |     2 |     7 ||    10
       Distracted        |       |       |     2 |       ||     2
  Eat: Chunk             |     1 |     8 |    15 |     5 ||    29
       Ration            |       |       |     1 |     3 ||     4
Armor: Plate armour      |   155 |   202 |   249 |    91 ||   697
Dodge: Dodged            |    41 |    69 |    86 |   112 ||   308
Block: Shield            |       |       |   127 |   159 ||   286

Table legend:
 A = Non-vault XP
 B = Vault XP
 C = Vault XP percentage of total XP
 D = Non-vault monster count
 E = Vault monster count
 F = Vault count percentage of total count
                 A         B        C        D         E       F
            +---------+---------+-------+---------+---------+-------
      Total |    6912 |    3562 |  34.0 |     254 |      50 |  16.4
            +---------+---------+-------+---------+---------+-------
        D:1 |      35 |       0 |   0.0 |      21 |       0 |   0.0
        D:2 |      62 |       0 |   0.0 |      23 |       0 |   0.0
        D:3 |     413 |     899 |  68.5 |      37 |      11 |  22.9
        D:4 |     243 |     170 |  41.2 |      19 |       5 |  20.8
        D:5 |     201 |      47 |  19.0 |      11 |       1 |   8.3
        D:6 |     563 |     132 |  19.0 |      27 |       2 |   6.9
        D:7 |     618 |       0 |   0.0 |      14 |       0 |   0.0
        D:8 |     837 |       0 |   0.0 |      26 |       0 |   0.0
        D:9 |    2669 |       0 |   0.0 |      45 |       0 |   0.0
       D:10 |     850 |    1512 |  64.0 |      24 |      24 |  50.0
       D:11 |     421 |     666 |  61.3 |       7 |       1 |  12.5
      Sewer |       0 |     136 | 100.0 |       0 |       6 | 100.0
            +---------+---------+-------+---------+---------+-------
